AoeStats
← spadaccinho91

Four Lakes

510186508Analyzed
1v1 RM · 1d ago on Sep 29, 2026· 18m 28s· 2 players
Game mode
Random Map
Map size
Tiny (2 player)
Population
200
Speed
Normal
Resources
Standard
Victory
Conquest
Starting age
Dark Age
Ending age
Imperial Age
RankedLock teamsTeams togetherTeam positionsShared explorationLock speedFull tech treeHidden civsTurbo modeCheats
Victory
Defeat
🇮🇹 Armenians · Italy
995
+15
🇦🇷 Persians · Argentina
979
-15
EG.n0thing
0:44 Loom
10:20 Feudal Age
12:07 Double-Bit Axe
17:36 Castle Age
spadaccinho91
11:39 Feudal Age
11:55 Feudal Age
12:46 Man-at-Arms
13:11 Arson
14:28 Double-Bit Axe
14:23 Long Swordsman
18:13 Scale Mail Armor
Connection lost

Rejoining the realm…

Still unreachable

The connection could not be restored.

Session expired

The server has moved on; the page needs a fresh start.